 Dungeon Crawl Stone Soup version 0.29.0-4-gdea44cf6ec (webtiles) character file.

Game seed: 4312799290691594090

102 qw the Chopper (level 4, -15/36 HPs)
             Began as a Barachi Chaos Knight on Sept 5, 2022.
             Demolished by a two-headed ogre
             ... wielding a +0 giant club
              (22 damage)
             ... on level 5 of the Dungeon.
             The game lasted 00:00:59 (2944 turns).

qw the Chopper (Barachi Chaos Knight)               Turns: 2944, Time: 00:00:59

Health: -15/36     AC: 11    Str: 12 (15) XL:     4   Next: 77%
Magic:  4/4        EV:  3    Int: 13      God:
Gold:   152        SH:  8    Dex: 11      Spells: 3/3 levels left

rFire   . . .      SeeInvis .   a - +0 war axe
rCold   + . .      Faith    .   f - +0 kite shield
rNeg    . . .      Spirit   .   e - +0 chain mail
rPois   .          Reflect  .   (no helmet)
rElec   .          Harm     .   (no cloak)
rCorr   .          Rampage  .   b - +0 pair of gloves
Will    .....                   (no boots)
Stlth   ..........              (no amulet)
HPRegen 0.12/turn               (no ring)
MPRegen 0.09/turn               (no ring)

@: slow
A: amphibious, slowness 1, strong legs 1, +LOS, iridescent scales 1, cold
resistance 1, wild magic 1
a: Hop


You were on level 5 of the Dungeon.
You visited 1 branch of the dungeon, and saw 4 of its levels.

You collected 152 gold pieces.


Innate Abilities, Weirdness & Mutations

You are amphibious.
You cover ground slowly.
You can hop short distances.
You have an extended range of vision and can be seen from far away.
You are partially covered in iridescent scales. (AC +2)
Your flesh is cold resistant. (rC+)
Your spells are a little harder to cast, but a little more powerful.


   Skills:
 - Level 3.6 Fighting
 + Level 4.2 Axes
 - Level 1.8 Throwing
 - Level 2.4 Armour
 - Level 1.1 Dodging
 - Level 3.0 Shields


You had 3 spell levels left.
You didn't know any spells.
Your spell library was empty.

Inventory:

Hand Weapons
 a - a +0 war axe (weapon)
 i - a +0 club
Missiles
 l - a javelin (quivered)
Armour
 b - a +0 pair of gloves (worn)
 e - a +0 chain mail (worn)
 f - a +0 kite shield (worn)
Scrolls
 h - a scroll of identify
Potions
 d - a potion of ambrosia {unknown}
 g - 2 potions of mutation
 j - a potion of cancellation {unknown}
 k - a potion of might
 m - a potion of curing {unknown}
 n - a potion of magic {unknown}
Miscellaneous
 c - a piece from Xom's chessboard (15/15)

Dungeon Overview and Level Annotations

Branches:
Dungeon (5/15)
 Temple: D:4-7

Altars:
Gozag
Vehumet

Shops:
D:2 [

Annotations:
D:3 3 runed translucent doors


Message History

You feel your strength returning.
Your Throwing skill increases to level 1!
You hit the scorpion but do no damage.
The scorpion stings you but does no damage.
You block the scorpion's attack.
The two-headed ogre shouts in stereo!
You hit the scorpion.
The scorpion is lightly wounded.
You block the scorpion's attack.
An orc comes into view. It is wielding a +0 club. x2
An orc comes into view. It is wielding a +0 hand axe.
The orc shouts! x2
You hit the scorpion but do no damage.
The scorpion is lightly wounded.
The scorpion stings you. The scorpion barely misses you.
You hit the scorpion but do no damage.
The scorpion is lightly wounded.
The scorpion stings you but does no damage.
You block the scorpion's attack.
You slash the scorpion!
The scorpion is heavily wounded.
You block the scorpion's attack.
The scorpion stings you but does no damage.
You hit the scorpion.
The scorpion is severely wounded.
You hit the two-headed ogre.
The two-headed ogre is lightly wounded.
You hit the orc. The orc hits you with a +0 hand axe.
The two-headed ogre hits you with a +0 giant club!!
Ouch! That really hurt!
You block the two-headed ogre's attack.
You slash the orc!
You kill the orc!
You hit the two-headed ogre. You closely miss the orc.
The orc hits you but does no damage. You block the two-headed ogre's attack.
The two-headed ogre hits you with a +0 giant club!!
Ouch! That really hurt!
You die...
Xom chortles!

.(. .. .# >
..###.. .#.!.
#...###.
s..#....
#######O...?#
#.....@o..#
#####..o.##
#...###
#....#
#....##
#$...## #..##
###


You could see a two-headed ogre, a scorpion and 2 orcs.

Vanquished Creatures
  A hound (D:5)
  2 adders (D:2)
  A worm (D:2)
  6 dart slugs
  An orc (D:5)
  3 ball pythons
  An endoplasm (D:2)
  A giant cockroach (D:2)
  5 goblins
  4 hobgoblins
  2 jackals (D:2)
  2 quokkas
  2 bats
  2 frilled lizards (D:2)
  4 kobolds
  2 rats
39 creatures vanquished.

Notes
Turn   | Place    | Note
-------+----------+-------------------------------------------
     0 | D:1      | qw the Barachi Chaos Knight began the quest for the Orb.
     0 | D:1      | Reached XP level 1. HP: 18/18 MP: 1/1
     0 | D:1      | 0 ||| qw: Version: 0.1-a-104-g96f76f8
     0 | D:1      | 0 ||| qw: Game counter: 5992
     0 | D:1      | 0 ||| qw: Always use a shield: true
     0 | D:1      | 0 ||| qw: God list: Okawaru
     0 | D:1      | 0 ||| qw: Allow faded altars: false
     0 | D:1      | 0 ||| qw: Do Orc after D:15 true
     0 | D:1      | 0 ||| qw: Do second Lair branch before Depths: true
     0 | D:1      | 0 ||| qw: Lair rune preference: random
     0 | D:1      | 0 ||| qw: Plans: Normal
     0 | D:1      | 0 ||| PLANNING D:1-11
     0 | D:1      | Fell from the grace of Xom
   223 | D:1      | 223 ||| Stepping ~*~*~tactically~*~*~ (hiding).
   325 | D:1      | 325 ||| Stepping ~*~*~tactically~*~*~ (hiding).
   427 | D:1      | 427 ||| Stepping ~*~*~tactically~*~*~ (hiding).
   430 | D:1      | 430 ||| Stepping ~*~*~tactically~*~*~ (hiding).
   437 | D:1      | Reached XP level 2. HP: 24/24 MP: 2/2
   539 | D:1      | 539 ||| Stepping ~*~*~tactically~*~*~ (stealth).
   542 | D:1      | 542 ||| Stepping ~*~*~tactically~*~*~ (stealth).
   550 | D:1      | 550 ||| Stepping ~*~*~tactically~*~*~ (stealth).
   551 | D:1      | 551 ||| Stepping ~*~*~tactically~*~*~ (stealth).
   623 | D:1      | Reached skill level 4 in Axes
   630 | D:1      | XOM: give mutations
   630 | D:1      | Gained mutation: You sometimes lose your temper in combat.
                  | [Xom's mischief]
   630 | D:1      | Gained mutation: Your body sometimes deteriorates upon
                  | taking damage. [Xom's mischief]
   630 | D:1      | Gained mutation: You occasionally lose the ability to read
                  | scrolls when taking damage. [Xom's mischief]
   860 | D:1      | 860 ||| Stepping ~*~*~tactically~*~*~ (hiding).
   867 | D:1      | 867 ||| Stepping ~*~*~tactically~*~*~ (hiding).
  1237 | D:1      | 1237 ||| UPGRADING to +0 chain mail.
  1247 | D:1      | 1247 ||| DROPPING +2 leather armour.
  1248 | D:1      | 1248 ||| UPGRADING to +0 kite shield.
  1253 | D:1      | 1253 ||| READING scroll labelled QOESEE ESKYM.
  1254 | D:1      | 1254 ||| READING 2 scrolls labelled IRUJOSK WONOU.
  1255 | D:1      | 1255 ||| DRINKING 3 glowing blue potions.
  1255 | D:1      | Lost mutation: You occasionally lose the ability to read
                  | scrolls when taking damage. [potion of mutation]
  1255 | D:1      | Lost mutation: Your body sometimes deteriorates upon taking
                  | damage. [potion of mutation]
  1255 | D:1      | Lost mutation: You sometimes lose your temper in combat.
                  | [potion of mutation]
  1255 | D:1      | Gained mutation: Your spells are a little harder to cast,
                  | but a little more powerful. [potion of mutation]
  1255 | D:1      | Gained mutation: Your flesh is cold resistant. (rC+)
                  | [potion of mutation]
  1255 | D:1      | Gained mutation: You are partially covered in iridescent
                  | scales. (AC +2) [potion of mutation]
  1256 | D:1      | 1256 ||| DRINKING 2 cyan potions.
  1257 | D:1      | 1257 ||| DROPPING potion of degeneration.
  1292 | D:2      | 1292 ||| Stepping ~*~*~tactically~*~*~ (stealth).
  1315 | D:2      | Found a radiant altar of Vehumet.
  1320 | D:2      | 1320 ||| Stepping ~*~*~tactically~*~*~ (stealth).
  1511 | D:2      | Reached skill level 1 in Shields
  1511 | D:2      | Reached XP level 3. HP: 29/29 MP: 3/3
  1768 | D:2      | 1768 ||| Stepping ~*~*~tactically~*~*~ (stealth).
  1787 | D:2      | 1787 ||| Stepping ~*~*~tactically~*~*~ (stealth).
  1787 | D:2      | Found Podu's Antique Armour Boutique.
  1791 | D:2      | 1791 ||| Stepping ~*~*~tactically~*~*~ (stealth).
  1794 | D:2      | 1794 ||| Stepping ~*~*~tactically~*~*~ (stealth).
  1811 | D:2      | 1811 ||| SHOPLISTING bronze scale mail (180 gold, have
                  | 115).
  1811 | D:2      | 1811 ||| SHOPLISTING glowing plate armour (520 gold, have
                  | 115).
  1812 | D:2      | 1812 ||| Stepping ~*~*~tactically~*~*~ (stealth).
  1813 | D:2      | 1813 ||| Stepping ~*~*~tactically~*~*~ (stealth).
  1814 | D:2      | 1814 ||| Stepping ~*~*~tactically~*~*~ (stealth).
  1949 | D:2      | Found a faded altar of an unknown god.
  1980 | D:2      | 1980 ||| Stepping ~*~*~tactically~*~*~ (stealth).
  1981 | D:2      | 1981 ||| Stepping ~*~*~tactically~*~*~ (stealth).
  1997 | D:2      | Reached XP level 4. HP: 36/36 MP: 4/4
  2297 | D:2      | 2297 ||| UPGRADING to +0 pair of gloves.
  2302 | D:2      | 2302 ||| READING 2 scrolls labelled DIYFREANO SEADU.
  2303 | D:2      | 2303 ||| READING 2 scrolls labelled XECSEB MIASOFO.
  2304 | D:2      | 2304 ||| READING scroll labelled DEDUID ENWESKO.
  2305 | D:2      | 2305 ||| DRINKING 2 grey potions.
  2306 | D:2      | 2306 ||| DROPPING scroll of blinking.
  2307 | D:2      | 2307 ||| DROPPING scroll of immolation.
  2308 | D:2      | 2308 ||| Stepping randomly (stuck).
  2309 | D:2      | 2309 ||| Stepping ~*~*~tactically~*~*~ (cloud).
  2316 | D:2      | HP: 9/36 [poisoned by you (poison gas)]
  2526 | D:2      | XOM: stat loss: -1 Str (11/15)
  2641 | D:3      | 2641 ||| SWAPPING to +0 war axe.
  2642 | D:3      | 2642 ||| DROPPING +0 hand axe of chaos.
  2645 | D:3      | XOM: torment (19/36 hp)
  2819 | D:3      | 2819 ||| Stepping ~*~*~tactically~*~*~ (stealth).
  2825 | D:3      | Found an opulent altar of Gozag.
  2836 | D:3      | Found a runed translucent gate.
  2838 | D:3      | Found a runed translucent gate.
  2839 | D:3      | Found a runed translucent gate.
  2846 | D:3      | 2846 ||| Stepping ~*~*~tactically~*~*~ (stealth).
  2854 | D:3      | Reached skill level 3 in Shields
  2877 | D:3      | 2877 ||| Stepping ~*~*~tactically~*~*~ (hiding).
  2922 | D:3      | You fall into a shaft and drop 2 floors!
  2922 | D:5      | Entered Level 5 of the Dungeon
  2929 | D:5      | Noticed a scorpion
  2929 | D:5      | Noticed a two-headed ogre
  2930 | D:5      | 2930 ||| Stepping ~*~*~tactically~*~*~ (stealth).
  2937 | D:5      | Reached skill level 1 in Throwing
  2943 | D:5      | HP: 6/36 [two-headed ogre/+0 giant club (22)]
  2944 | D:5      | Demolished by a two-headed ogre

Levels and vault maps discovered:
D:1:      ncdulo_watergridlock, layout_basic
D:2:      layout_basic, hellmonk_ecumenical_altar_arch_garden, serial_shops,
          shop, basic_altar
D:3:      layout_basic, lemuel_doored_altar, gammafunk_ghost_icy
D:5:      layout_rooms, nicolae_ru_great_annihilating_truth,
          overflow_temple_1_default, serial_shops, shop, lightli_corner_chamber,
          uniq_crazy_yiuf_cottage, uniq_pikel

Skill      XL: |  1  2  3  4 |
---------------+-------------+-----
Axes           | 4 |  4.2
Shields        | 1 2 3 |  3.0
Throwing       | 1 |  1.8
Fighting       | |  3.6
Armour         | |  2.4
Dodging        | |  1.1

Action                   |  1- 3 |  4- 6 || total
-------------------------+-------+-------++-------
Melee: Hand axe          |    69 |    21 ||    90
       Punch             |     1 |       ||     1
       War axe           |       |    21 ||    21
Throw: Javelin           |    18 |     8 ||    26
Invok: Renounce Religion |     1 |       ||     1
  Use: Scroll            |     2 |     3 ||     5
       Potion            |     2 |     1 ||     3
Armor: Leather armour    |     6 |       ||     6
       Chain mail        |    36 |    22 ||    58
Dodge: Dodged            |    14 |     4 ||    18
Block: Kite shield       |    19 |    17 ||    36

Table legend:
 A = Non-vault XP
 B = Vault XP
 C = Vault XP percentage of total XP
 D = Non-vault monster count
 E = Vault monster count
 F = Vault count percentage of total count
                 A         B        C        D         E       F
            +---------+---------+-------+---------+---------+-------
      Total |     149 |       0 |   0.0 |      39 |       0 |   0.0
            +---------+---------+-------+---------+---------+-------
        D:1 |      25 |       0 |   0.0 |      11 |       0 |   0.0
        D:2 |      66 |       0 |   0.0 |      22 |       0 |   0.0
        D:3 |      10 |       0 |   0.0 |       4 |       0 |   0.0
        D:5 |      48 |       0 |   0.0 |       2 |       0 |   0.0
            +---------+---------+-------+---------+---------+-------
